 Dungeon Crawl Stone Soup version 0.22-a0-348-gd16d139 (webtiles) character file.

52234 nikopol the Eclecticist (level 14, -4/70 HPs)
             Began as a Deep Elf Fire Elementalist on Apr 10, 2018.
             Was a High Priest of Vehumet.
             Slain by a two-headed ogre
             ... wielding a +0 giant club
              (27 damage)
             ... on level 2 of the Orcish Mines on Apr 11, 2018.
             The game lasted 02:09:25 (26519 turns).

nikopol the Eclecticist (DEFE)                     Turns: 26519, Time: 02:09:26

Health: -4/70      AC:  6    Str: 17    XL:     14   Next: 26%
Magic:  36/36      EV: 15    Int: 28    God:    Vehumet [*****.]
Gold:   1809       SH:  7    Dex: 15    Spells: 15/46 levels left

rFire    + + .     SeeInvis .   h - +3 dagger (elec)
rCold    + + .     Gourm    .   j - +1 buckler
rNeg     . . .     Faith    .   N - +2 robe
rPois    +         Spirit   .   y - +0 helmet
rElec    .         Reflect  .   (no cloak)
rCorr    .         Harm     .   t - +0 pair of gloves
MR       +++..                  (no boots)
Stlth    ++........             R - amulet of Konidghoe {Acrobat rPois MR+ Str+5}
HPRegen  0.21/turn              D - ring "Xeuddurphuw" {*Contam rF+++ rC++ Str-3 Stlth-}
MPRegen  0.25/turn              U - ring "Aneud" {rF- MR+ Str+10 Int+2 Slay-3}

@: no status effects
A: no striking features
a: Renounce Religion


You were on level 2 of the Orcish Mines.
You worshipped Vehumet.
Vehumet was extremely pleased with you.
You were not hungry.

You visited 4 branches of the dungeon, and saw 20 of its levels.
You also visited: Ossuary.

You collected 1809 gold pieces.

Inventory:

Hand Weapons
 h - a +3 dagger of electrocution (weapon)
Armour
 j - a +1 buckler (worn)
 t - a +0 pair of gloves (worn)
 y - a +0 helmet (worn)
 N - a +2 robe (worn)
Jewellery
 a - an uncursed ring of see invisible
 e - an uncursed amulet of regeneration
 D - the ring "Xeuddurphuw" (left hand) {*Contam rF+++ rC++ Str-3 Stlth-}
   (You found it on level 1 of the Lair of Beasts)

   [ring of loudness]

   It affects your strength (-3).
   It renders you almost immune to fire.
   It greatly protects you from cold.
   It causes magical contamination when unequipped.
   It makes you less stealthy.
 J - an uncursed ring of positive energy
 O - an uncursed ring of protection from cold
 R - the amulet of Konidghoe (around neck) {Acrobat rPois MR+ Str+5}
   (You found it on level 4 of the Lair of Beasts)

   [amulet of the acrobat]

   It helps you evade while moving and waiting.
   It affects your strength (+5).
   It protects you from poison.
   It affects your resistance to hostile enchantments.
 U - the ring "Aneud" (right hand) {rF- MR+ Str+10 Int+2 Slay-3}
   (You found it on level 6 of the Lair of Beasts)

   [ring of protection from magic]

   It affects your strength (+10).
   It affects your intelligence (+2).
   It affects your accuracy and damage with ranged weapons and melee attacks
   (-3).
   It makes you vulnerable to fire.
   It affects your resistance to hostile enchantments.
Wands
 C - a wand of random effects (47)
 F - a wand of flame (79)
 I - a wand of paralysis (45)
 K - a wand of digging (5)
 L - a wand of polymorph (19)
Scrolls
 d - 4 scrolls of remove curse
 g - 4 scrolls of blinking
 i - 6 scrolls of teleportation
 k - 2 scrolls of magic mapping
 l - 7 scrolls of enchant weapon
 u - 4 scrolls of enchant armour
 w - 6 scrolls of amnesia
 E - 2 scrolls of fear
 G - 2 scrolls of immolation
 P - a scroll of identify
 T - a scroll of summoning {unknown}
Potions
 f - 4 potions of berserk rage
 m - 5 potions of might
 n - 10 potions of curing
 o - 3 potions of cancellation
 p - 4 potions of agility
 q - 9 potions of brilliance
 r - a potion of haste
 s - 2 potions of flight
 v - 4 potions of ambrosia
 x - 3 potions of magic
 z - 2 potions of resistance
 A - 2 potions of heal wounds
 H - 3 potions of lignification
 M - 3 potions of invisibility
 V - 3 potions of mutation
Comestibles
 c - 30 rations


   Skills:
 + Level 1.3 Fighting
 + Level 5.4 Dodging
 + Level 6.0 Stealth
 + Level 7.3 Shields
 + Level 16.6 Spellcasting
 + Level 13.1 Conjurations
 + Level 0.2 Charms
 + Level 13.4 Fire Magic
 + Level 5.1 Earth Magic
 + Level 5.8 Evocations


You had 15 spell levels left.
You knew the following spells:

 Your Spells              Type           Power        Failure   Level  Hunger
a - Flame Tongue          Conj/Fire      #####        0%          1    None
b - Throw Flame           Conj/Fire      ######       0%          2    None
c - Conjure Flame         Conj/Fire      #######.     1%          3    None
d - Sticky Flame          Conj/Fire      #######.     1%          4    None
e - Fireball              Conj/Fire      #######...   1%          5    None
f - Stone Arrow           Conj/Erth      ######       1%          3    None
g - Lee's Rapid Deconstr  Erth           ######....   1%          5    None
h - Iron Shot             Conj/Erth      ######....   1%          6    ###....
i - Swiftness             Chrm/Air       ###.....     3%          2    None


Dungeon Overview and Level Annotations

Branches:
Dungeon (11/15)            Temple (1/1) D:5            Lair (6/6) D:11
 Shoals (0/4) Lair:2        Snake (0/4) Lair:4        Slime (0/5) Lair:5
    Orc (2/2) D:9             Elf (0/3) Orc:2

Altars:
Ashenzari
Cheibriados
Dithmenos
Elyvilon
Fedhas
Gozag
Hepliaklqana
Kikubaaqudgha
Makhleb
Nemelex Xobeh
Okawaru
Qazlal
Ru
Sif Muna
Trog
Uskayaw
Vehumet
Wu Jian
Xom
Yredelemnul
Zin
The Shining One

Annotations:
D:4 Eustachio


Message History

You eat one of the 31 rations.
That ration really hit the spot!
You start resting.
HP restored.
There is a stone staircase leading down here.
You climb downwards.
The centaur warrior shouts!
The centaur warrior wields a shortbow.
The centaur warrior shoots an arrow.
The arrow hits you!
The orc warrior shoots a bolt.
The bolt closely misses you.
The orc shoots a bolt.
The bolt hits you!
The centaur shoots an arrow.
The arrow hits you.
You hear a shout!
There is a stone staircase leading up, spattered with blood here.
Things that are here:
a bolt; 2 arrows The centaur warrior shoots an arrow.
The arrow hits you!
The centaur shoots an arrow.
The arrow hits you.
The centaur warrior shoots an arrow.
The arrow hits you!
The orc warrior shoots a bolt.
The bolt misses you.
The two-headed ogre hits you with a giant club!!
You die...

......... ..
..............#
#......(....$.#(.
.............oco.
........o......c
..............# .
...>..........#(.
.................
........@.....#
.......(O(....##
......(..<$....#
...........o[....
.......[...).....
..........##..o..
........... ..o.o
..$......... [...
.................


You could see a centaur warrior, a two-headed ogre, 2 orc warriors, a centaur,
an orc priest and 3 orcs.

Vanquished Creatures
  An orc warlord (Orc:1)
  A merfolk avatar (Lair:6)
  8 hydras
  The ghost of Gorglomux the Grappler, a novice MiEE of Okawaru (D:10)
  3 two-headed ogres
  The ghost of Karim the Martial Artist, a novice GnMo of Kikubaaqudgha (Lair:1)
  Nergalle (Lair:1)
  An obsidian statue (Lair:1)
  2 orc knights
  A harpy (Lair:6)
  4 manticores
  An oklob plant (Lair:6)
  An ugly thing (D:11)
  3 cyclopes
  8 black mambas
  Joseph (D:8)
  13 spiny frogs
  2 elephants
  7 rime drakes
  13 komodo dragons
  A hornet (Lair:6)
  2 trolls (Orc:1)
  13 hippogriffs
  2 wind drakes (Lair:6)
  2 polar bears (Lair:6)
  5 dream sheep (Lair:6)
  A shadow (D:10)
  37 yaks
  5 wyverns
  A steam dragon (Lair:2)
  3 basilisks
  A hungry ghost (D:4)
  5 vampire mosquitoes (Lair:6)
  4 nagas (Lair:4)
  An insubstantial wisp (Lair:6)
  7 wargs
  8 water moccasins
  A sky beast (D:6)
  20 orc warriors
  7 porcupines
  3 necrophages
  3 black bears
  An ice beast (D:11)
  4 wolves (Lair:6)
  8 ogres
  A phantom (D:11)
  8 crocodiles
  9 centaurs
  2 big kobolds (D:11)
  11 bullfrogs
  A wyvern zombie (D:8)
  A gnoll sergeant (D:7)
  The ghost of Goblin1989 the Skirmisher, a weakling BaHu (D:3)
  5 scorpions
  3 wights (D:10)
  2 howler monkeys
  An electric eel (Lair:2)
  A bullfrog zombie (D:8)
  6 crimson imps
  A centaur zombie (D:10)
  A quasit (D:11)
  6 hounds
  10 jellies
  8 orc priests
  A bullfrog skeleton (D:4)
  2 centaur skeletons
  4 iguanas
  14 orc wizards
  4 worker ants
  2 hound skeletons
  8 mummies (Ossuary)
  7 gnolls
  13 adders
  2 shadow imps
  12 oozes
  3 adder skeletons
  5 worms
  A dart slug (D:1)
  2 leopard geckos
  59 orcs
  2 ball pythons
  A giant cockroach (D:3)
  A gnoll zombie (Ossuary)
  4 goblins
  7 hobgoblins
  7 jackals
  3 quokkas
  A ball python skeleton (D:4)
  10 bats
  11 frilled lizards
  3 hobgoblin zombies (Ossuary)
  15 kobolds
  A kobold zombie (Ossuary)
  3 orc zombies (Ossuary)
  A quokka skeleton (D:4)
  9 rats
  A bush (Lair:6)
  2 fungi
517 creatures vanquished.

Vanquished Creatures (others)
  16 fungi
  27 plants (Lair:6)
43 creatures vanquished.

Grand Total: 560 creatures vanquished

Notes
Turn   | Place    | Note
-------+----------+-------------------------------------------
     0 | D:1      | nikopol the Deep Elf Fire Elementalist began the quest for the Orb.
     0 | D:1      | Reached XP level 1. HP: 10/10 MP: 6/6
   320 | D:1      | Reached XP level 2. HP: 15/15 MP: 5/8
   803 | D:1      | Reached XP level 3. HP: 19/19 MP: 5/10
   807 | D:1      | Learned a level 2 spell: Throw Flame
   811 | D:1      | Learned a level 3 spell: Conjure Flame
  1935 | D:3      | Reached XP level 4. HP: 24/24 MP: 2/11
  2032 | D:2      | Learned a level 4 spell: Sticky Flame
  2299 | D:3      | Reached skill level 4 in Spellcasting
  2362 | D:3      | Reached skill level 1 in Shields
  2834 | D:3      | Noticed Goblin1989's ghost (weakling BaHu)
  2974 | D:3      | Reached XP level 5. HP: 28/28 MP: 9/13
  3238 | D:3      | Killed Goblin1989's ghost
  3497 | D:4      | Found a sand-covered staircase.
  3502 | Ossuary  | Entered an ossuary
  3804 | Ossuary  | Reached skill level 5 in Spellcasting
  3804 | Ossuary  | Reached XP level 6. HP: 32/32 MP: 10/15
  3811 | Ossuary  | Learned a level 5 spell: Fireball
  4226 | D:4      | Found a sparkling altar of Nemelex Xobeh.
  4227 | D:4      | Noticed Eustachio
  4229 | D:4      | Noticed a hungry ghost
  4603 | D:4      | Found a glowing golden altar of the Shining One.
  4608 | D:4      | Found an opulent altar of Gozag.
  4608 | D:4      | Found a deep blue altar of Sif Muna.
  4611 | D:4      | Found a sacrificial altar of Ru.
  4611 | D:4      | Found a hazy altar of Hepliaklqana.
  5283 | D:4      | Killed a hungry ghost
  5283 | D:4      | Reached skill level 5 in Fire Magic
  5283 | D:4      | Reached XP level 7. HP: 36/36 MP: 2/17
  5449 | D:5      | Entered Level 5 of the Dungeon
  5812 | D:5      | Reached skill level 6 in Spellcasting
  6060 | D:5      | Found a glowing silver altar of Zin.
  6315 | D:5      | Found a staircase to the Ecumenical Temple.
  6324 | Temple   | Entered the Ecumenical Temple
  6382 | Temple   | Became a worshipper of Vehumet
  6575 | D:6      | Reached skill level 5 in Conjurations
  6704 | D:6      | Reached XP level 8. HP: 31/41 MP: 14/20
  6796 | D:6      | Reached skill level 7 in Spellcasting
  6945 | D:6      | Found a bloodstained altar of Trog.
  7635 | D:7      | Noticed a cyclops
  7640 | D:7      | Killed a cyclops
  7640 | D:7      | Reached skill level 8 in Spellcasting
  7757 | D:7      | Reached XP level 9. HP: 45/45 MP: 14/23
  8187 | D:7      | Reached skill level 9 in Spellcasting
  8464 | D:7      | Reached * piety under Vehumet
  8464 | D:7      | Offered knowledge of Sandblast by Vehumet.
  8849 | D:8      | Noticed a two-headed ogre
  8866 | D:8      | Killed a two-headed ogre
  9124 | D:8      | Reached skill level 5 in Shields
  9575 | D:8      | Reached skill level 10 in Spellcasting
  9682 | D:8      | Reached XP level 10. HP: 51/51 MP: 20/26
  9691 | D:8      | Noticed Joseph
  9705 | D:8      | Killed Joseph
  9705 | D:8      | Reached skill level 1 in Fighting
 10085 | D:9      | Reached ** piety under Vehumet
 10254 | D:9      | Offered knowledge of Sting by Vehumet.
 10298 | D:9      | Found a staircase to the Orcish Mines.
 10307 | D:9      | Reached skill level 5 in Stealth
 10809 | D:9      | Offered knowledge of Dazzling Spray by Vehumet.
 10971 | D:10     | Entered Level 10 of the Dungeon
 11025 | D:10     | Noticed a two-headed ogre
 11032 | D:10     | Killed a two-headed ogre
 11041 | D:10     | Reached skill level 11 in Spellcasting
 11256 | D:10     | Noticed Gorglomux's ghost (novice MiEE)
 11487 | D:10     | Noticed a cyclops
 11525 | D:10     | Killed a cyclops
 11565 | D:10     | Noticed a two-headed ogre
 11585 | D:10     | Killed a two-headed ogre
 11865 | D:10     | Killed Gorglomux's ghost
 11865 | D:10     | Reached XP level 11. HP: 13/56 MP: 12/28
 12198 | D:11     | Reached *** piety under Vehumet
 12475 | D:11     | Found a staircase to the Lair.
 12529 | D:11     | Offered knowledge of Stone Arrow by Vehumet.
 12531 | D:11     | Noticed an eight-headed hydra
 12685 | D:11     | Noticed a green ugly thing
 13126 | D:11     | Killed an eight-headed hydra
 13126 | D:11     | Reached skill level 12 in Spellcasting
 13279 | D:11     | Killed a green ugly thing
 13587 | D:11     | Reached skill level 10 in Fire Magic
 13710 | D:11     | Reached **** piety under Vehumet
 13797 | D:11     | Reached skill level 10 in Conjurations
 14070 | Lair:1   | Entered Level 1 of the Lair of Beasts
 14078 | Lair:1   | Noticed Karim's ghost (novice GnMo)
 14085 | D:11     | Learned a level 3 spell: Stone Arrow
 14393 | Lair:1   | Offered knowledge of Lee's Rapid Deconstruction by Vehumet.
 14747 | Lair:1   | Reached skill level 13 in Spellcasting
 15062 | Lair:1   | Noticed Nergalle
 15065 | Lair:1   | Killed Nergalle
 15523 | Lair:1   | Killed Karim's ghost
 15523 | Lair:1   | Reached skill level 1 in Earth Magic
 15523 | Lair:1   | Reached XP level 12. HP: 37/61 MP: 5/31
 16338 | Lair:1   | Learned a level 5 spell: Lee's Rapid Deconstruction
 16451 | Lair:1   | Got a scintillating copper ring
 16461 | Lair:1   | Identified the ring "Xeuddurphuw" {*Contam rF+++ rC++ Str-3 Stlth-} (You found it on level 1 of the Lair of Beasts)
 16588 | Lair:2   | Reached skill level 5 in Dodging
 16951 | Lair:2   | Noticed an eight-headed hydra
 16960 | Lair:2   | Killed an eight-headed hydra
 16960 | Lair:2   | Reached skill level 14 in Spellcasting
 17173 | Lair:2   | Found a staircase to the Shoals.
 17280 | Lair:2   | Reached skill level 1 in Evocations
 18137 | Lair:3   | Noticed an eight-headed hydra
 18150 | Lair:3   | Killed an eight-headed hydra
 18334 | Lair:3   | Noticed a six-headed hydra
 18346 | Lair:3   | Killed a six-headed hydra
 18943 | Lair:3   | Noticed an eight-headed hydra
 18947 | Lair:3   | Killed an eight-headed hydra
 19222 | Lair:4   | Got an ancient emerald amulet
 19300 | Lair:4   | Noticed a four-headed hydra
 19305 | Lair:4   | Killed a four-headed hydra
 19615 | Lair:4   | Reached XP level 13. HP: 55/65 MP: 20/33
 19982 | Lair:4   | Found a staircase to the Snake Pit.
 20395 | Lair:5   | Reached skill level 15 in Spellcasting
 20981 | Lair:5   | Reached skill level 5 in Evocations
 21000 | Lair:5   | Reached ***** piety under Vehumet
 21056 | Lair:5   | Offered knowledge of Iron Shot by Vehumet.
 21164 | Lair:5   | Found a staircase to the Slime Pits.
 21506 | Lair:6   | Entered Level 6 of the Lair of Beasts
 22820 | Lair:6   | Got a clouded ivory ring
 22840 | Lair:6   | Identified the amulet of Konidghoe {Acrobat rPois MR+ Str+5} (You found it on level 4 of the Lair of Beasts)
 22844 | Lair:6   | Identified the ring "Aneud" {rF- MR+ Str+10 Int+2 Slay-3} (You found it on level 6 of the Lair of Beasts)
 23290 | Lair:6   | Reached skill level 16 in Spellcasting
 23944 | Lair:6   | Learned a level 6 spell: Iron Shot
 23947 | Lair:6   | Learned a level 2 spell: Swiftness
 24012 | Lair:6   | Reached XP level 14. HP: 70/70 MP: 18/36
 24481 | Orc:1    | Entered Level 1 of the Orcish Mines
 24495 | D:9      | Offered knowledge of Iskenderun's Mystic Blast by Vehumet.
 25277 | Orc:1    | Noticed an orc warlord
 25283 | Orc:1    | Killed an orc warlord
 25607 | Orc:2    | Entered Level 2 of the Orcish Mines
 26049 | Orc:2    | Reached skill level 5 in Earth Magic
 26178 | Orc:2    | Found a staircase to the Elven Halls.
 26519 | Orc:2    | Slain by a two-headed ogre

Vault maps used:
D:1:      dpeg_arrival_ratfight, minmay_lizard_king
D:2:      serial_aquarium, aquarium_bridge_square, aquarium_window_fake,
          aquarium_window_3, aquarium_window_double, aquarium_view_2b,
          aquarium_view_2c, aquarium_balcony_3a, hangedman_decor_points
D:4:      nemelex_xobeh_ov_fountains_minmay, grunt_temple_overflow_open,
          first_ration, enter_ossuary_5, uniq_eustachio
D:5:      marbit_many_paths, minmay_temple_entry_glass
D:6:      nicolae_overflow_hidden_temple
D:7:      kennysheep_spiral_hall
D:8:      hangedman_little_slice_of_home, uniq_joseph
D:9:      david_orc_3
D:11:     david_lair_generic
Temple:   nicolae_temple_great_sept
Lair:1:   statuecave_lemuel, guppyfry_lair_drakes, lemuel_fruit_fields,
          uniq_nergalle
Lair:2:   minmay_shoals_entry_beasts, lemuel_fruit_tree, grunt_megastairs_1,
          infiniplex_staircase_pool
Lair:4:   minmay_snake_entry_guardpost_small
Lair:5:   minmay_slime_entry_jelly_boxes
Lair:6:   gammafunk_lair_ancient_temple, minivault_19, minmay_lair_oklob_items,
          pond
Orc:2:    st_orc_rangers, serial_shops, shop, nicolae_orc_lava_tube,
          nooodl_orcs_dogs
Ossuary:  ossuary_tomb_3

Skill      XL: |  1  2  3  4  5  6  7  8  9 10 11 12 13 14 |
---------------+-------------------------------------------+-----
Conjurations   | 2 3 4 5 6 7 9 10 11 12 13 | 13.1
Spellcasting   | 4 5 6 8 10 11 13 14 16 | 16.6
Shields        | 1 2 3 5 6 7 |  7.3
Fire Magic     | 4 5 6 8 9 10 11 13 | 13.4
Stealth        | 3 4 5 6 |  6.0
Dodging        | 3 4 5 |  5.4
Fighting       | 1 |  1.3
Earth Magic    | 1 2 4 5 |  5.1
Evocations     | 4 5 |  5.8
Charms         | |  0.2

Action                   |  1- 3 |  4- 6 |  7- 9 | 10-12 | 13-15 || total
-------------------------+-------+-------+-------+-------+-------++-------
Melee: Dagger            |     1 |     2 |    18 |    11 |     2 ||    34
 Cast: Flame Tongue      |    72 |   144 |   131 |   290 |    97 ||   734
       Throw Flame       |     7 |    31 |     7 |    82 |    34 ||   161
       Conjure Flame     |     1 |     7 |     4 |    29 |     8 ||    49
       Sticky Flame      |       |     1 |    23 |    42 |    28 ||    94
       Fireball          |       |       |    12 |   102 |   102 ||   216
       Stone Arrow       |       |       |       |    36 |    68 ||   104
       Lee's Rapid Decon |       |       |       |     3 |     1 ||     4
       Swiftness         |       |       |       |       |     1 ||     1
       Iron Shot         |       |       |       |       |    27 ||    27
Evoke: Wand              |       |       |     1 |     6 |     2 ||     9
  Use: Scroll            |       |       |     3 |    28 |     7 ||    38
       Potion            |       |       |       |     1 |     1 ||     2
  Eat: Chunk             |     3 |     4 |     9 |    26 |    19 ||    61
       Ration            |       |     2 |     3 |     3 |     2 ||    10
Armor: Robe              |     2 |    16 |    15 |    18 |     8 ||    59
Dodge: Dodged            |    17 |    28 |    37 |    63 |    52 ||   197
Block: Buckler           |     3 |    13 |    18 |    44 |    29 ||   107

Table legend:
 A = Spawn XP
 B = Non-spawn XP
 C = Spawn XP percentage of total XP
 D = Spawn monster count
 E = Non-spawn monster count
 F = Spawn count percentage of total count
 G = Total turns spent on level
                    A         B        C        D         E        F      G
               +---------+---------+-------+---------+---------+-------+---------
         Total |       0 |   74620 |   0.0 |       0 |     514 |   0.0 | 26519
               +---------+---------+-------+---------+---------+-------+---------
           D:1 |       0 |      55 |   0.0 |       0 |      34 |   0.0 |  1217
           D:2 |       0 |      28 |   0.0 |       0 |       8 |   0.0 |   749
           D:3 |       0 |     189 |   0.0 |       0 |      32 |   0.0 |  1758
           D:4 |       0 |     384 |   0.0 |       0 |      15 |   0.0 |  1204
           D:5 |       0 |     400 |   0.0 |       0 |      12 |   0.0 |   867
           D:6 |       0 |     834 |   0.0 |       0 |      12 |   0.0 |  1003
           D:7 |       0 |    1606 |   0.0 |       0 |      19 |   0.0 |  1302
           D:8 |       0 |    2539 |   0.0 |       0 |      30 |   0.0 |  1304
           D:9 |       0 |    1544 |   0.0 |       0 |      28 |   0.0 |  1147
          D:10 |       0 |    4532 |   0.0 |       0 |      26 |   0.0 |  1488
          D:11 |       0 |    5740 |   0.0 |       0 |      46 |   0.0 |  2119
        Lair:1 |       0 |    5874 |   0.0 |       0 |      18 |   0.0 |  1847
        Lair:2 |       0 |    6633 |   0.0 |       0 |      24 |   0.0 |  1359
        Lair:3 |       0 |    5290 |   0.0 |       0 |      14 |   0.0 |  1317
        Lair:4 |       0 |    4560 |   0.0 |       0 |      17 |   0.0 |  1198
        Lair:5 |       0 |    5269 |   0.0 |       0 |      25 |   0.0 |  1173
        Lair:6 |       0 |   20456 |   0.0 |       0 |      69 |   0.0 |  2813
         Orc:1 |       0 |    4518 |   0.0 |       0 |      33 |   0.0 |  1619
         Orc:2 |       0 |    4016 |   0.0 |       0 |      36 |   0.0 |   290
       Ossuary |       0 |     153 |   0.0 |       0 |      16 |   0.0 |   662
               +---------+---------+-------+---------+---------+-------+---------
